Workbook

Sheet IS
B2: Clearwater Analytics (CWAN) – Income Statement as Reported
B3: ($ in millions, except per share); FY2021A–FY2022A per 10-K FY2023, FY2023A–FY2025A per 10-K FY2025, quarters per 10-Q Q3 2025; costs negative
C5: Fiscal year ended 31-Dec | H5: Three months ended 30-Sep | J5: Nine months ended 30-Sep | L5: LTM
C6: =DATE(2021,12,31) -> 44561 | D6: =DATE(2022,12,31) -> 44926 | E6: =DATE(2023,12,31) -> 45291 | F6: =DATE(2024,12,31) -> 45657 | G6: =DATE(2025,12,31) -> 46022 | H6: =DATE(2024,9,30) -> 45565 | I6: =DATE(2025,9,30) -> 45930 | J6: =DATE(2024,9,30) -> 45565 | K6: =DATE(2025,9,30) -> 45930 | L6: =DATE(2025,9,30) -> 45930 | N6: Source (document, printed page)
B8: INCOME STATEMENT
B9: Revenue ($M) | C9: 252.022 | D9: 303.426 | E9: 368.168 | F9: 451.803 | G9: 731.368 | H9: 115.828 | I9: 205.11 | J9: 325.338 | K9: 513.911 | L9: =F9+K9-J9 -> 640.376 | N9: 10-K FY2025 p. 69; 10-K FY2023 p. 66; 10-Q Q3 2025 p. 3
B10: Cost of revenue | C10: -67.864 | D10: -87.784 | E10: -107.127 | F10: -122.987 | G10: -239.22 | H10: -31.357 | I10: -70.638 | J10: -89.426 | K10: -167.984 | L10: =F10+K10-J10 -> -201.545 | N10: 10-K FY2025 p. 69; 10-K FY2023 p. 66; 10-Q Q3 2025 p. 3
B11: Gross profit ($M) | C11: =C9+C10 -> 184.158 | D11: =D9+D10 -> 215.642 | E11: =E9+E10 -> 261.041 | F11: =F9+F10 -> 328.816 | G11: =G9+G10 -> 492.148 | H11: =H9+H10 -> 84.471 | I11: =I9+I10 -> 134.472 | J11: =J9+J10 -> 235.912 | ... L11: =L9+L10 -> 438.831 | N11: Computed from the lines above
B12: Research and development | C12: -72.69 | D12: -94.12 | E12: -123.925 | F12: -150.558 | G12: -196.228 | H12: -36.618 | I12: -52.065 | J12: -109.654 | K12: -139.219 | L12: =F12+K12-J12 -> -180.123 | N12: 10-K FY2025 p. 69; 10-K FY2023 p. 66; 10-Q Q3 2025 p. 3
B13: Sales and marketing | C13: -39.065 | D13: -52.638 | E13: -60.365 | F13: -67.254 | G13: -149.18 | H13: -17.889 | I13: -44.471 | J13: -49.369 | K13: -103.323 | L13: =F13+K13-J13 -> -121.208 | N13: 10-K FY2025 p. 69; 10-K FY2023 p. 66; 10-Q Q3 2025 p. 3
B14: General and administrative | C14: -43.942 | D14: -63.767 | E14: -93.496 | F14: -98.77 | G14: -154.426 | H14: -22.626 | I14: -31.382 | J14: -65.873 | K14: -104.328 | L14: =F14+K14-J14 -> -137.225 | N14: 10-K FY2025 p. 69; 10-K FY2023 p. 66; 10-Q Q3 2025 p. 3
B15: Total operating expenses ($M) | C15: =SUM(C12:C14) -> -155.697 | D15: =SUM(D12:D14) -> -210.525 | E15: =SUM(E12:E14) -> -277.786 | F15: =SUM(F12:F14) -> -316.582 | G15: =SUM(G12:G14) -> -499.834 | H15: =SUM(H12:H14) -> -77.133 | I15: =SUM(I12:I14) -> -127.918 | J15: =SUM(J12:J14) -> -224.896 | ... L15: =SUM(L12:L14) -> -438.556 | N15: Computed from the lines above
B16: Income (loss) from operations ($M) | C16: =C11+C15 -> 28.461 | D16: =D11+D15 -> 5.117 | E16: =E11+E15 -> -16.745 | F16: =F11+F15 -> 12.234 | G16: =G11+G15 -> -7.686 | H16: =H11+H15 -> 7.338 | I16: =I11+I15 -> 6.554 | J16: =J11+J15 -> 11.016 | ... L16: =L11+L15 -> 0.275 | N16: Computed from the lines above
B17: Interest expense (FY21–FY22: net of interest income) | C17: -25.682 | D17: 1.137 | E17: -4.729 | F17: -4.325 | G17: -45.664 | H17: -1.076 | I17: -16.119 | J17: -3.256 | K17: -30.502 | L17: =F17+K17-J17 -> -31.571 | N17: 10-K FY2025 p. 69; 10-K FY2023 p. 66; 10-Q Q3 2025 p. 3
B18: Tax receivable agreement expense | C18: 0 | D18: -11.639 | E18: -14.396 | F18: -53.181 | G18: 0 | H18: -5.344 | I18: 0 | J18: -11.545 | K18: 0 | L18: =F18+K18-J18 -> -41.636 | N18: 10-K FY2025 p. 69; 10-K FY2023 p. 66; 10-Q Q3 2025 p. 3
B19: Loss on debt extinguishment | C19: -10.303 | D19: 0 | L19: =F19+K19-J19 -> 0 | N19: 10-K FY2023 p. 66
B20: Other income (expense), net | C20: -0.083 | D20: 0.05 | E20: 13.004 | F20: 15.209 | G20: 3.678 | H20: 3.365 | I20: -0.439 | J20: 10.56 | K20: 3.429 | L20: =F20+K20-J20 -> 8.078 | N20: 10-K FY2025 p. 69; 10-K FY2023 p. 66; 10-Q Q3 2025 p. 3
B21: Income (loss) before income taxes ($M) | C21: =C16+SUM(C17:C20) -> -7.607 | D21: =D16+SUM(D17:D20) -> -5.335 | E21: =E16+SUM(E17:E20) -> -22.866 | F21: =F16+SUM(F17:F20) -> -30.063 | G21: =G16+SUM(G17:G20) -> -49.672 | H21: =H16+SUM(H17:H20) -> 4.283 | I21: =I16+SUM(I17:I20) -> -10.004 | J21: =J16+SUM(J17:J20) -> 6.775 | ... L21: =L16+SUM(L17:L20) -> -64.854 | N21: Computed from the lines above
B22: Benefit from (provision for) income taxes | C22: -0.487 | D22: -1.36 | E22: -0.217 | F22: 457.648 | G22: 9.418 | H22: 0.486 | I22: -0.51 | J22: 0.505 | K22: 0.287 | L22: =F22+K22-J22 -> 457.43 | N22: 10-K FY2025 p. 69; 10-K FY2023 p. 66; 10-Q Q3 2025 p. 3
B23: Net income (loss) ($M) | C23: =C21+C22 -> -8.094 | D23: =D21+D22 -> -6.695 | E23: =E21+E22 -> -23.083 | F23: =F21+F22 -> 427.585 | G23: =G21+G22 -> -40.254 | H23: =H21+H22 -> 4.769 | I23: =I21+I22 -> -10.514 | J23: =J21+J22 -> 7.28 | ... L23: =L21+L22 -> 392.576 | N23: Computed from the lines above
B24: Net (income) loss attributable to non-controlling interests | C24: -0.119 | D24: -1.272 | E24: 1.456 | F24: -3.207 | G24: 1.447 | H24: -1.14 | I24: 0.179 | J24: -2.184 | K24: 0.988 | L24: =F24+K24-J24 -> -0.035 | N24: 10-K FY2025 p. 69; 10-K FY2023 p. 66; 10-Q Q3 2025 p. 3
B25: Net income (loss) attributable to CWAN ($M) | C25: =C23+C24 -> -8.213 | D25: =D23+D24 -> -7.967 | E25: =E23+E24 -> -21.627 | F25: =F23+F24 -> 424.378 | G25: =G23+G24 -> -38.807 | H25: =H23+H24 -> 3.629 | I25: =I23+I24 -> -10.335 | J25: =J23+J24 -> 5.096 | ... L25: =L23+L24 -> 392.541 | N25: Computed from the lines above
B26: Diluted EPS, Class A and D ($) | C26: -0.05 | D26: -0.04 | E26: -0.11 | F26: 1.68 | G26: -0.14 | H26: 0.02 | I26: -0.04 | J26: 0.02 | K26: -0.1 | N26: 10-K FY2025 p. 69; 10-K FY2023 p. 66; 10-Q Q3 2025 p. 3
B29: EQUITY-BASED COMPENSATION (INCLUDED ABOVE)
B30: Cost of revenue | C30: 4.786 | D30: 9.043 | E30: 12.215 | F30: 13.634 | G30: 16.445 | H30: 3.46 | I30: 4.398 | J30: 9.879 | K30: 12.48 | L30: =F30+K30-J30 -> 16.235 | N30: 10-K FY2025 p. 69; 10-K FY2023 p. 66; 10-Q Q3 2025 p. 3
B31: Research and development | C31: 10.409 | D31: 17.95 | E31: 24.739 | F31: 36.093 | G31: 33.835 | H31: 8.674 | I31: 7.097 | J31: 26.767 | K31: 24.588 | L31: =F31+K31-J31 -> 33.914 | N31: 10-K FY2025 p. 69; 10-K FY2023 p. 66; 10-Q Q3 2025 p. 3
B32: Sales and marketing | C32: 7.059 | D32: 12.711 | E32: 15.843 | F32: 15.304 | G32: 37.369 | H32: 3.905 | I32: 12.68 | J32: 10.418 | K32: 26.87 | L32: =F32+K32-J32 -> 31.756 | N32: 10-K FY2025 p. 69; 10-K FY2023 p. 66; 10-Q Q3 2025 p. 3
B33: General and administrative | C33: 14.441 | D33: 25.987 | E33: 51.65 | F33: 38.17 | G33: 40.247 | H33: 9.937 | I33: 9.295 | J33: 27.995 | K33: 30.792 | L33: =F33+K33-J33 -> 40.967 | N33: 10-K FY2025 p. 69; 10-K FY2023 p. 66; 10-Q Q3 2025 p. 3
B34: Total equity-based compensation ($M) | C34: =SUM(C30:C33) -> 36.695 | D34: =SUM(D30:D33) -> 65.691 | E34: =SUM(E30:E33) -> 104.447 | F34: =SUM(F30:F33) -> 103.201 | G34: =SUM(G30:G33) -> 127.896 | H34: =SUM(H30:H33) -> 25.976 | I34: =SUM(I30:I33) -> 33.47 | J34: =SUM(J30:J33) -> 75.059 | ... L34: =SUM(L30:L33) -> 122.872 | N34: Computed from the lines above
B36: ADJUSTED EBITDA RECONCILIATION (COMPANY DEFINITION)
B37: Net income (loss) | C37: =C23 -> -8.094 | D37: =D23 -> -6.695 | E37: =E23 -> -23.083 | F37: =F23 -> 427.585 | G37: =G23 -> -40.254 | H37: =H23 -> 4.769 | I37: =I23 -> -10.514 | J37: =J23 -> 7.28 | ... L37: =L23 -> 392.576 | N37: Net income line above
B38: (+) Interest expense (FY21–FY22: net of interest income) | C38: 25.682 | D38: -1.137 | E38: 4.729 | F38: 4.325 | G38: 45.664 | H38: 1.076 | I38: 16.119 | J38: 3.256 | K38: 30.502 | L38: =F38+K38-J38 -> 31.571 | N38: 10-K FY2025 p. 49; 10-K FY2023 p. 49; 10-Q Q3 2025 p. 34
B39: (+) Loss on debt extinguishment | C39: 10.303 | D39: 0 | L39: =F39+K39-J39 -> 0 | N39: 10-K FY2023 p. 49
B40: (+) Depreciation and amortization | C40: 3.493 | D40: 5.139 | E40: 9.929 | F40: 12.181 | G40: 85.541 | H40: 3.239 | I40: 29.3 | J40: 8.73 | K40: 56.052 | L40: =F40+K40-J40 -> 59.503 | N40: 10-K FY2025 p. 49; 10-K FY2023 p. 49; 10-Q Q3 2025 p. 34
B41: (+) Equity-based compensation and related payroll taxes | C41: 36.695 | D41: 64.704 | E41: 108.078 | F41: 110.961 | G41: 134.533 | H41: 26.907 | I41: 34.33 | J41: 80.54 | K41: 100.735 | L41: =F41+K41-J41 -> 131.156 | N41: 10-K FY2025 p. 49; 10-K FY2023 p. 49; 10-Q Q3 2025 p. 34
B42: (+) Equity-based compensation related to JUMP acquisition | C42: 0 | D42: 1.821 | L42: =F42+K42-J42 -> 0 | N42: 10-K FY2023 p. 49
B43: (+) Tax receivable agreement expense | C43: 0 | D43: 11.639 | E43: 14.396 | F43: 53.181 | G43: 0 | H43: 5.344 | I43: 0 | J43: 11.545 | K43: 0 | L43: =F43+K43-J43 -> 41.636 | N43: 10-K FY2025 p. 49; 10-K FY2023 p. 49; 10-Q Q3 2025 p. 34
B44: (+) Transaction expenses | C44: 0 | D44: 1.711 | E44: 2.052 | F44: 8.308 | G44: 35.773 | H44: 0.248 | I44: 0.549 | J44: 1.926 | K44: 18.263 | L44: =F44+K44-J44 -> 24.645 | N44: 10-K FY2025 p. 49; 10-K FY2023 p. 49; 10-Q Q3 2025 p. 34
B45: (+) Amortization of prepaid management fees | C45: 2.367 | D45: 2.486 | E45: 2.592 | F45: 1.99 | G45: 0.029 | H45: 0.608 | I45: 0 | J45: 1.78 | K45: 0.01 | L45: =F45+K45-J45 -> 0.22 | N45: 10-K FY2025 p. 49; 10-K FY2023 p. 49; 10-Q Q3 2025 p. 34
B46: (+) Up-C structure expenses | C46: 1.66 | D46: 0.158 | L46: =F46+K46-J46 -> 0 | N46: 10-K FY2023 p. 49
B47: (+) Provision for (benefit from) income taxes | C47: 0.487 | D47: 1.36 | E47: 0.217 | F47: -457.648 | G47: -9.418 | H47: -0.486 | I47: 0.51 | J47: -0.505 | K47: -0.287 | L47: =F47+K47-J47 -> -457.43 | N47: 10-K FY2025 p. 49; 10-K FY2023 p. 49; 10-Q Q3 2025 p. 34
B48: (+) Other (income) expense, net | C48: 0.083 | D48: -0.05 | E48: -13.004 | F48: -15.209 | G48: -3.678 | H48: -3.365 | I48: 0.439 | J48: -10.56 | K48: -3.429 | L48: =F48+K48-J48 -> -8.078 | N48: 10-K FY2025 p. 49; 10-K FY2023 p. 49; 10-Q Q3 2025 p. 34
B49: Adjusted EBITDA ($M) | C49: =SUM(C37:C48) -> 72.676 | D49: =SUM(D37:D48) -> 81.136 | E49: =SUM(E37:E48) -> 105.906 | F49: =SUM(F37:F48) -> 145.674 | G49: =SUM(G37:G48) -> 248.19 | H49: =SUM(H37:H48) -> 38.34 | I49: =SUM(I37:I48) -> 70.733 | J49: =SUM(J37:J48) -> 103.992 | ... L49: =SUM(L37:L48) -> 215.799 | N49: Computed from the lines above
B50: % margin | C50: =C49/C9 -> 0.28837165 | D50: =D49/D9 -> 0.26739963 | E50: =E49/E9 -> 0.28765672 | F50: =F49/F9 -> 0.32242814 | G50: =G49/G9 -> 0.33935037 | H50: =H49/H9 -> 0.33100805 | I50: =I49/I9 -> 0.34485398 | J50: =J49/J9 -> 0.31964296 | ... L50: =L49/L9 -> 0.33698796
B51: Adjusted EBITDA, as reported | C51: 72.676 | D51: 81.136 | E51: 105.906 | F51: 145.674 | G51: 248.19 | H51: 38.34 | I51: 70.733 | J51: 103.992 | K51: 174.117 | L51: =F51+K51-J51 -> 215.799 | N51: 10-K FY2025 p. 49; 10-K FY2023 p. 49; 10-Q Q3 2025 p. 34
B52: Difference | C52: =C49-C51 -> 0 | D52: =D49-D51 -> 0 | E52: =E49-E51 -> 0 | F52: =F49-F51 -> 0 | G52: =G49-G51 -> 0 | H52: =H49-H51 -> 0 | I52: =I49-I51 -> 0 | J52: =J49-J51 -> 0 | ... L52: =L49-L51 -> 0

Sheet BS
B2: Clearwater Analytics (CWAN) – Balance Sheet as Reported
B3: ($ in millions); FY2021A per 10-K FY2022, FY2022A–FY2023A per 10-K FY2023, FY2024A–FY2025A per 10-K FY2025, Sep-25 per 10-Q Q3 2025
C5: As of 31-Dec | H5: Latest
C6: =DATE(2021,12,31) -> 44561 | D6: =DATE(2022,12,31) -> 44926 | E6: =DATE(2023,12,31) -> 45291 | F6: =DATE(2024,12,31) -> 45657 | G6: =DATE(2025,12,31) -> 46022 | H6: =DATE(2025,9,30) -> 45930 | J6: Source (document, printed page)
B8: ASSETS
B9: Cash and cash equivalents | C9: 254.597 | D9: 250.724 | E9: 221.765 | F9: 177.35 | G9: 91.245 | H9: 60.75 | J9: 10-K FY2025 p. 68; 10-K FY2023 p. 65; 10-K FY2022 p. 62; 10-Q Q3 2025 p. 2
B10: Short-term investments | C10: 0 | D10: 4.89 | E10: 74.457 | F10: 78.139 | G10: 0 | H10: 3.398 | J10: 10-K FY2025 p. 68; 10-K FY2023 p. 65; 10-K FY2022 p. 62; 10-Q Q3 2025 p. 2
B11: Accounts receivable, net | C11: 50.19 | D11: 72.575 | E11: 92.091 | F11: 106.151 | G11: 167.348 | H11: 152.791 | J11: 10-K FY2025 p. 68; 10-K FY2023 p. 65; 10-K FY2022 p. 62; 10-Q Q3 2025 p. 2
B12: Prepaid expenses and other current assets | C12: 16.551 | D12: 28.157 | E12: 27.683 | F12: 23.006 | G12: 36.977 | H12: 33.871 | J12: 10-K FY2025 p. 68; 10-K FY2023 p. 65; 10-K FY2022 p. 62; 10-Q Q3 2025 p. 2
B13: Total current assets ($M) | C13: =SUM(C9:C12) -> 321.338 | D13: =SUM(D9:D12) -> 356.346 | E13: =SUM(E9:E12) -> 415.996 | F13: =SUM(F9:F12) -> 384.646 | G13: =SUM(G9:G12) -> 295.57 | H13: =SUM(H9:H12) -> 250.81 | J13: Computed from the lines above
B14: Property, equipment and software, net | C14: 10.738 | D14: 15.064 | E14: 15.349 | F14: 14.797 | G14: 26.607 | H14: 26.262 | J14: 10-K FY2025 p. 68; 10-K FY2023 p. 65; 10-K FY2022 p. 62; 10-Q Q3 2025 p. 2
B15: Operating lease right-of-use assets, net | C15: 0 | D15: 24.114 | E15: 22.554 | F15: 24.797 | G15: 34.3 | H15: 40.315 | J15: 10-K FY2025 p. 68; 10-K FY2023 p. 65; 10-K FY2022 p. 62; 10-Q Q3 2025 p. 2
B16: Deferred contract costs, non-current | C16: 5.687 | D16: 6.563 | E16: 6.439 | F16: 7.013 | G16: 13.017 | H16: 9.551 | J16: 10-K FY2025 p. 68; 10-K FY2023 p. 65; 10-K FY2022 p. 62; 10-Q Q3 2025 p. 2
B17: Debt issuance costs – line of credit | C17: 0.922 | D17: 0.728 | E17: 0.533 | F17: 0.339 | G17: 3.467 | H17: 3.67 | J17: 10-K FY2025 p. 68; 10-K FY2023 p. 65; 10-K FY2022 p. 62; 10-Q Q3 2025 p. 2
B18: Deferred tax assets, net | F18: 602.5 | G18: 695.998 | H18: 671.801 | J18: 10-K FY2025 p. 68; 10-Q Q3 2025 p. 2
B19: Other non-current assets | C19: 5.67 | D19: 5.88 | E19: 4.907 | F19: 3.34 | G19: 5.336 | H19: 6.877 | J19: 10-K FY2025 p. 68; 10-K FY2023 p. 65; 10-K FY2022 p. 62; 10-Q Q3 2025 p. 2
B20: Intangible assets, net | C20: 0 | D20: 29.456 | E20: 26.132 | F20: 30.868 | G20: 687.578 | H20: 714.118 | J20: 10-K FY2025 p. 68; 10-K FY2023 p. 65; 10-K FY2022 p. 62; 10-Q Q3 2025 p. 2
B21: Goodwill | C21: 0 | D21: 43.791 | E21: 45.338 | F21: 70.971 | G21: 1270.056 | H21: 1267.108 | J21: 10-K FY2025 p. 68; 10-K FY2023 p. 65; 10-K FY2022 p. 62; 10-Q Q3 2025 p. 2
B22: Long-term investments | D22: 0 | E22: 21.495 | F22: 30.301 | G22: 0 | H22: 0 | J22: 10-K FY2025 p. 68; 10-K FY2023 p. 65; 10-Q Q3 2025 p. 2
B23: Total assets ($M) | C23: =C13+SUM(C14:C22) -> 344.355 | D23: =D13+SUM(D14:D22) -> 481.942 | E23: =E13+SUM(E14:E22) -> 558.743 | F23: =F13+SUM(F14:F22) -> 1169.572 | G23: =G13+SUM(G14:G22) -> 3031.929 | H23: =H13+SUM(H14:H22) -> 2990.512 | J23: Computed from the lines above
B25: LIABILITIES AND STOCKHOLDERS' EQUITY
B26: Accounts payable | C26: 1.416 | D26: 3.092 | E26: 3.062 | F26: 2.934 | G26: 4.096 | H26: 3.316 | J26: 10-K FY2025 p. 68; 10-K FY2023 p. 65; 10-K FY2022 p. 62; 10-Q Q3 2025 p. 2
B27: Accrued expenses and other current liabilities | C27: 27.032 | D27: 42.119 | E27: 49.535 | F27: 55.654 | G27: 112.249 | H27: 83.61 | J27: 10-K FY2025 p. 68; 10-K FY2023 p. 65; 10-K FY2022 p. 62; 10-Q Q3 2025 p. 2
B28: Deferred revenue | F28: 7.329 | G28: 21.86 | H28: 17.152 | J28: 10-K FY2025 p. 68; 10-Q Q3 2025 p. 2
B29: Notes payable, current portion | C29: 2.75 | D29: 2.75 | E29: 2.75 | F29: 2.75 | G29: 8 | H29: 8 | J29: 10-K FY2025 p. 68; 10-K FY2023 p. 65; 10-K FY2022 p. 62; 10-Q Q3 2025 p. 2
B30: Operating lease liability, current portion | C30: 0 | D30: 5.851 | E30: 6.551 | F30: 8.35 | G30: 15.138 | H30: 15.537 | J30: 10-K FY2025 p. 68; 10-K FY2023 p. 65; 10-K FY2022 p. 62; 10-Q Q3 2025 p. 2
B31: Tax receivable agreement liability | C31: 0 | D31: 12.2 | E31: 18.894 | F31: 0.035 | G31: 0 | H31: 0 | J31: 10-K FY2025 p. 68; 10-K FY2023 p. 65; 10-K FY2022 p. 62; 10-Q Q3 2025 p. 2
B32: Total current liabilities ($M) | C32: =SUM(C26:C31) -> 31.198 | D32: =SUM(D26:D31) -> 66.012 | E32: =SUM(E26:E31) -> 80.792 | F32: =SUM(F26:F31) -> 77.052 | G32: =SUM(G26:G31) -> 161.343 | H32: =SUM(H26:H31) -> 127.615 | J32: Computed from the lines above
B33: Notes payable, non-current (net of debt issuance costs) | C33: 51.157 | D33: 48.492 | E33: 45.828 | F33: 43.164 | G33: 814.643 | H33: 830.869 | J33: 10-K FY2025 p. 68; 10-K FY2023 p. 65; 10-K FY2022 p. 62; 10-Q Q3 2025 p. 2
B34: Operating lease liability, non-current | C34: 0 | D34: 19.505 | E34: 16.948 | F34: 17.655 | G34: 22.555 | H34: 28.448 | J34: 10-K FY2025 p. 68; 10-K FY2023 p. 65; 10-K FY2022 p. 62; 10-Q Q3 2025 p. 2
B35: Other long-term liabilities | C35: 0.132 | D35: 9.547 | E35: 5.518 | F35: 1.47 | G35: 2.296 | H35: 2.029 | J35: 10-K FY2025 p. 68; 10-K FY2023 p. 65; 10-K FY2022 p. 62; 10-Q Q3 2025 p. 2
B36: Total liabilities ($M) | C36: =C32+SUM(C33:C35) -> 82.487 | D36: =D32+SUM(D33:D35) -> 143.556 | E36: =E32+SUM(E33:E35) -> 149.086 | F36: =F32+SUM(F33:F35) -> 139.341 | G36: =G32+SUM(G33:G35) -> 1000.837 | H36: =H32+SUM(H33:H35) -> 988.961 | J36: Computed from the lines above
B37: Class A common stock | C37: 0.048 | D37: 0.061 | E37: 0.128 | F37: 0.213 | G37: 0.291 | H37: 0.288 | J37: 10-K FY2025 p. 68; 10-K FY2022 p. 62; 10-Q Q3 2025 p. 2; 10-K FY2023 p. 65
B38: Class B common stock | C38: 0.011 | D38: 0.001 | E38: 0 | F38: 0 | G38: 0.002 | H38: 0.005 | J38: 10-K FY2025 p. 68; 10-K FY2023 p. 65; 10-K FY2022 p. 62; 10-Q Q3 2025 p. 2
B39: Class C common stock | C39: 0.047 | D39: 0.047 | E39: 0.033 | F39: 0.013 | G39: 0 | H39: 0 | J39: 10-K FY2025 p. 68; 10-K FY2023 p. 65; 10-K FY2022 p. 62; 10-Q Q3 2025 p. 2
B40: Class D common stock | C40: 0.13 | D40: 0.13 | E40: 0.083 | F40: 0.022 | G40: 0 | H40: 0 | J40: 10-K FY2025 p. 68; 10-K FY2023 p. 65; 10-K FY2022 p. 62; 10-Q Q3 2025 p. 2
B41: Additional paid-in capital | C41: 388.591 | D41: 455.32 | E41: 532.507 | F41: 725.174 | G41: 1754.387 | H41: 1712.8 | J41: 10-K FY2025 p. 68; 10-K FY2023 p. 65; 10-K FY2022 p. 62; 10-Q Q3 2025 p. 2
B42: Accumulated other comprehensive income (loss) | C42: -0.034 | D42: 0.609 | E42: 2.909 | F42: -1.113 | G42: 7.089 | H42: 7.448 | J42: 10-K FY2025 p. 68; 10-K FY2023 p. 65; 10-K FY2022 p. 62; 10-Q Q3 2025 p. 2
B43: Retained earnings (accumulated deficit) | C43: -191.926 | D43: -186.647 | E43: -181.331 | F43: 283.946 | G43: 259.963 | H43: 261.009 | J43: 10-K FY2025 p. 68; 10-K FY2023 p. 65; 10-K FY2022 p. 62; 10-Q Q3 2025 p. 2
B44: Equity attributable to CWAN ($M) | C44: =SUM(C37:C43) -> 196.867 | D44: =SUM(D37:D43) -> 269.521 | E44: =SUM(E37:E43) -> 354.329 | F44: =SUM(F37:F43) -> 1008.255 | G44: =SUM(G37:G43) -> 2021.732 | H44: =SUM(H37:H43) -> 1981.55 | J44: Computed from the lines above
B45: Non-controlling interests | C45: 65.001 | D45: 68.865 | E45: 55.328 | F45: 21.976 | G45: 9.36 | H45: 20.001 | J45: 10-K FY2025 p. 68; 10-K FY2023 p. 65; 10-K FY2022 p. 62; 10-Q Q3 2025 p. 2
B46: Total stockholders' equity ($M) | C46: =C44+C45 -> 261.868 | D46: =D44+D45 -> 338.386 | E46: =E44+E45 -> 409.657 | F46: =F44+F45 -> 1030.231 | G46: =G44+G45 -> 2031.092 | H46: =H44+H45 -> 2001.551 | J46: Computed from the lines above
B47: Total liabilities and stockholders' equity ($M) | C47: =C36+C46 -> 344.355 | D47: =D36+D46 -> 481.942 | E47: =E36+E46 -> 558.743 | F47: =F36+F46 -> 1169.572 | G47: =G36+G46 -> 3031.929 | H47: =H36+H46 -> 2990.512 | J47: Computed from the lines above
B48: Balance check (assets less liabilities and equity) | C48: =ROUND(C23-C47,3) -> 0 | D48: =ROUND(D23-D47,3) -> 0 | E48: =ROUND(E23-E47,3) -> 0 | F48: =ROUND(F23-F47,3) -> 0 | G48: =ROUND(G23-G47,3) -> 0 | H48: =ROUND(H23-H47,3) -> 0
B50: SUPPLEMENTAL
B51: Total debt, carrying value ($M) | C51: =C29+C33 -> 53.907 | D51: =D29+D33 -> 51.242 | E51: =E29+E33 -> 48.578 | F51: =F29+F33 -> 45.914 | G51: =G29+G33 -> 822.643 | H51: =H29+H33 -> 838.869 | J51: Computed from the lines above
B52: Internally developed software, gross (PP&E note) | C52: 4.925 | D52: 11.561 | E52: 15.954 | F52: 18.053 | G52: 24.475 | J52: 10-K FY2025 p. 89; 10-K FY2023 p. 85; 10-K FY2022 p. 79

Sheet CFS
B2: Clearwater Analytics (CWAN) – Cash Flow Statement as Reported
B3: ($ in millions); FY2021A–FY2022A per 10-K FY2023, FY2023A–FY2025A per 10-K FY2025, nine months per 10-Q Q3 2025; LTM = FY2024 + 9M'25 – 9M'24
C5: Fiscal year ended 31-Dec | H5: Nine months ended 30-Sep | J5: LTM
C6: =DATE(2021,12,31) -> 44561 | D6: =DATE(2022,12,31) -> 44926 | E6: =DATE(2023,12,31) -> 45291 | F6: =DATE(2024,12,31) -> 45657 | G6: =DATE(2025,12,31) -> 46022 | H6: =DATE(2024,9,30) -> 45565 | I6: =DATE(2025,9,30) -> 45930 | J6: =DATE(2025,9,30) -> 45930 | L6: Source (document, printed page)
B8: OPERATING ACTIVITIES
B9: Net income (loss) | C9: =IS!C23 -> -8.094 | D9: =IS!D23 -> -6.695 | E9: =IS!E23 -> -23.083 | F9: =IS!F23 -> 427.585 | G9: =IS!G23 -> -40.254 | H9: =IS!J23 -> 7.28 | I9: =IS!K23 -> -27.729 | J9: =F9+I9-H9 -> 392.576 | L9: Income statement net income (10-K FY2025 p. 69; 10-K FY2023 p. 66; 10-Q Q3 2025 p. 3)
B10: Depreciation and amortization | C10: 3.493 | D10: 5.139 | E10: 9.929 | F10: 12.181 | G10: 85.541 | H10: 8.73 | I10: 56.052 | J10: =F10+I10-H10 -> 59.503 | L10: 10-K FY2025 p. 74; 10-K FY2023 p. 71; 10-Q Q3 2025 p. 9
B11: Noncash operating lease cost | C11: 0 | D11: 5.95 | E11: 7.619 | F11: 9.221 | G11: 16.682 | H11: 6.9 | I11: 12.299 | J11: =F11+I11-H11 -> 14.62 | L11: 10-K FY2025 p. 74; 10-K FY2023 p. 71; 10-Q Q3 2025 p. 9
B12: Equity-based compensation | C12: 36.695 | D12: 65.691 | E12: 104.447 | F12: 103.201 | G12: 127.896 | H12: 75.059 | I12: 94.73 | J12: =F12+I12-H12 -> 122.872 | L12: 10-K FY2025 p. 74; 10-K FY2023 p. 71; 10-Q Q3 2025 p. 9
B13: Amortization of deferred contract acquisition costs | C13: 3.385 | D13: 4.327 | E13: 4.763 | F13: 5.265 | G13: 11.487 | H13: 3.573 | I13: 7.125 | J13: =F13+I13-H13 -> 8.817 | L13: 10-K FY2025 p. 74; 10-K FY2023 p. 71; 10-Q Q3 2025 p. 9
B14: Amortization of debt issuance costs | C14: 1.545 | D14: 0.279 | E14: 0.28 | F14: 0.28 | G14: 2.77 | H14: 0.209 | I14: 1.793 | J14: =F14+I14-H14 -> 1.864 | L14: 10-K FY2025 p. 74; 10-K FY2023 p. 71; 10-Q Q3 2025 p. 9
B15: Debt extinguishment costs | C15: 10.303 | D15: 0 | E15: 0 | F15: 0 | G15: 0.419 | H15: 0 | I15: 0.419 | J15: =F15+I15-H15 -> 0.419 | L15: 10-K FY2025 p. 74; 10-K FY2023 p. 71; 10-Q Q3 2025 p. 9
B16: Provision for bad debt | E16: 0 | F16: 0 | G16: 2.165 | J16: =F16+I16-H16 -> 0 | L16: 10-K FY2025 p. 74
B17: Deferred tax benefit | C17: -0.675 | D17: -0.803 | E17: -1.665 | F17: -460.032 | G17: -12.607 | H17: -3.076 | I17: -2.73 | J17: =F17+I17-H17 -> -459.686 | L17: 10-K FY2025 p. 74; 10-K FY2023 p. 71; 10-Q Q3 2025 p. 9
B18: Accretion of discount on investments | C18: 0 | D18: 0 | E18: -1.474 | F18: -2.185 | G18: -0.284 | H18: -1.732 | I18: -0.284 | J18: =F18+I18-H18 -> -0.737 | L18: 10-K FY2025 p. 74; 10-K FY2023 p. 71; 10-Q Q3 2025 p. 9
B19: Realized gain on investments | C19: 0 | D19: 0 | E19: -0.089 | F19: -0.035 | G19: -0.112 | H19: 0.024 | I19: -0.112 | J19: =F19+I19-H19 -> -0.171 | L19: 10-K FY2025 p. 74; 10-K FY2023 p. 71; 10-Q Q3 2025 p. 9
B20: Accounts receivable, net | C20: -17.308 | D20: -19.098 | E20: -19.298 | F20: -13.648 | G20: -11.148 | H20: -7.875 | I20: 5.574 | J20: =F20+I20-H20 -> -0.199 | L20: 10-K FY2025 p. 74; 10-K FY2023 p. 71; 10-Q Q3 2025 p. 9
B21: Prepaid expenses and other assets | C21: -13.136 | D21: -4.956 | E21: 1.151 | F21: 5.627 | G21: -11.159 | H21: 2.561 | I21: -8.62 | J21: =F21+I21-H21 -> -5.554 | L21: 10-K FY2025 p. 74; 10-K FY2023 p. 71; 10-Q Q3 2025 p. 9
B22: Deferred contract acquisition costs | C22: -5.161 | D22: -5.845 | E22: -5.067 | F22: -6.242 | G22: -17.036 | H22: -3.416 | I22: -8.711 | J22: =F22+I22-H22 -> -11.537 | L22: 10-K FY2025 p. 74; 10-K FY2023 p. 71; 10-Q Q3 2025 p. 9
B23: Accounts payable | C23: 0.361 | D23: 1.609 | E23: -0.115 | F23: 0.269 | G23: -1.341 | H23: 1.586 | I23: -1.965 | J23: =F23+I23-H23 -> -3.282 | L23: 10-K FY2025 p. 74; 10-K FY2023 p. 71; 10-Q Q3 2025 p. 9
B24: Accrued expenses and other liabilities | C24: -8.05 | D24: 0.207 | E24: 1.204 | F24: 11.693 | G24: 22.449 | H24: 3.763 | I24: -6.15 | J24: =F24+I24-H24 -> 1.78 | L24: 10-K FY2025 p. 74; 10-K FY2023 p. 71; 10-Q Q3 2025 p. 9
B25: Tax receivable agreement liability | C25: 0 | D25: 12.2 | E25: 6 | F25: -18.859 | G25: -0.035 | H25: 9.934 | I25: -0.035 | J25: =F25+I25-H25 -> -28.828 | L25: 10-K FY2025 p. 74; 10-K FY2023 p. 71; 10-Q Q3 2025 p. 9
B26: Other long-term liabilities | E26: 0 | F26: 0 | G26: 0.463 | H26: 0 | I26: -1.091 | J26: =F26+I26-H26 -> -1.091 | L26: 10-K FY2025 p. 74; 10-Q Q3 2025 p. 9
B27: Net cash from operating activities ($M) | C27: =SUM(C9:C26) -> 3.358 | D27: =SUM(D9:D26) -> 58.005 | E27: =SUM(E9:E26) -> 84.602 | F27: =SUM(F9:F26) -> 74.321 | G27: =SUM(G9:G26) -> 175.896 | H27: =SUM(H9:H26) -> 103.52 | I27: =SUM(I9:I26) -> 120.565 | J27: =SUM(J9:J26) -> 91.366 | L27: Computed from the lines above
B29: INVESTING ACTIVITIES
B30: Purchases of property, equipment and software | C30: -5.025 | D30: -7.758 | E30: -5.624 | F30: -5.259 | G30: -11.554 | H30: -4.437 | I30: -8.512 | J30: =F30+I30-H30 -> -9.334 | L30: 10-K FY2025 p. 74; 10-K FY2023 p. 71; 10-Q Q3 2025 p. 9
B31: Purchases of intangible assets | E31: 0 | F31: 0 | G31: -10.239 | H31: 0 | I31: -0.239 | J31: =F31+I31-H31 -> -0.239 | L31: 10-K FY2025 p. 74; 10-Q Q3 2025 p. 9
B32: Purchases of held-to-maturity investments | C32: 0 | D32: -3 | E32: -3.004 | F32: -3.009 | G32: -4.686 | H32: -3.009 | I32: -4.686 | J32: =F32+I32-H32 -> -4.686 | L32: 10-K FY2025 p. 74; 10-K FY2023 p. 71; 10-Q Q3 2025 p. 9
B33: Purchases of available-for-sale investments | C33: 0 | D33: 0 | E33: -124.178 | F33: -114.572 | G33: 0 | H33: -93.968 | I33: 0 | J33: =F33+I33-H33 -> -20.604 | L33: 10-K FY2025 p. 74; 10-K FY2023 p. 71; 10-Q Q3 2025 p. 9
B34: Proceeds from sale of available-for-sale investments | C34: 0 | D34: 0 | E34: 5.95 | F34: 0 | G34: 89.479 | H34: 0 | I34: 89.479 | J34: =F34+I34-H34 -> 89.479 | L34: 10-K FY2025 p. 74; 10-K FY2023 p. 71; 10-Q Q3 2025 p. 9
B35: Proceeds from maturities of investments | C35: 0 | D35: 0 | E35: 31.801 | F35: 107.417 | G35: 23.716 | H35: 86.867 | I35: 20.375 | J35: =F35+I35-H35 -> 40.925 | L35: 10-K FY2025 p. 74; 10-K FY2023 p. 71; 10-Q Q3 2025 p. 9
B36: Acquisition of businesses, net of cash acquired | C36: 0 | D36: -65.793 | E36: 0 | F36: -40.121 | G36: -1074.754 | H36: -40.121 | I36: -1074.783 | J36: =F36+I36-H36 -> -1074.783 | L36: 10-K FY2025 p. 74; 10-K FY2023 p. 71; 10-Q Q3 2025 p. 9
B37: Payment of asset acquisition holdback liability | H37: 0 | I37: -10 | J37: =F37+I37-H37 -> -10 | L37: 10-Q Q3 2025 p. 9
B38: Payment of initial direct costs for operating leases | E38: 0 | F38: -0.104 | G38: -0.089 | H38: -0.104 | I38: -0.089 | J38: =F38+I38-H38 -> -0.089 | L38: 10-K FY2025 p. 74; 10-Q Q3 2025 p. 9
B39: Net cash from investing activities ($M) | C39: =SUM(C30:C38) -> -5.025 | D39: =SUM(D30:D38) -> -76.551 | E39: =SUM(E30:E38) -> -95.055 | F39: =SUM(F30:F38) -> -55.648 | G39: =SUM(G30:G38) -> -988.127 | H39: =SUM(H30:H38) -> -54.772 | I39: =SUM(I30:I38) -> -988.455 | J39: =SUM(J30:J38) -> -989.331 | L39: Computed from the lines above
B41: FINANCING ACTIVITIES
B42: Proceeds from issuance of common unit options | C42: 1.56 | D42: 0 | J42: =F42+I42-H42 -> 0 | L42: 10-K FY2023 p. 71
B43: Proceeds from exercise of options | C43: 2.83 | D43: 18.284 | E43: 4.738 | F43: 0.248 | G43: 0.168 | H43: 0.21 | I43: 0.168 | J43: =F43+I43-H43 -> 0.206 | L43: 10-K FY2025 p. 74; 10-K FY2023 p. 71; 10-Q Q3 2025 p. 9
B44: Taxes paid on net share settlement of equity awards | C44: -2.185 | D44: -3.189 | E44: -20.784 | F44: -55.301 | G44: -33.749 | H44: -42.663 | I44: -32.232 | J44: =F44+I44-H44 -> -44.87 | L44: 10-K FY2025 p. 74; 10-K FY2023 p. 71; 10-Q Q3 2025 p. 9
B45: Repurchase of common stock (FY2021: common units) | C45: -0.626 | D45: 0 | E45: 0 | F45: 0 | G45: -18.054 | H45: 0 | I45: -8.503 | J45: =F45+I45-H45 -> -8.503 | L45: 10-K FY2025 p. 74; 10-K FY2023 p. 71; 10-Q Q3 2025 p. 9
B46: Proceeds from employee stock purchase plan | C46: 0 | D46: 4.215 | E46: 4.588 | F46: 4.693 | G46: 6.636 | H46: 2.795 | I46: 3.316 | J46: =F46+I46-H46 -> 5.214 | L46: 10-K FY2025 p. 74; 10-K FY2023 p. 71; 10-Q Q3 2025 p. 9
B47: Proceeds from borrowings (FY2025: net of issuance costs) | C47: 55 | D47: 0 | E47: 0 | F47: 0 | G47: 924.475 | H47: 0 | I47: 924.475 | J47: =F47+I47-H47 -> 924.475 | L47: 10-K FY2025 p. 74; 10-K FY2023 p. 71; 10-Q Q3 2025 p. 9
B48: Payment of debt issuance costs | C48: -1.4 | D48: 0 | J48: =F48+I48-H48 -> 0 | L48: 10-K FY2023 p. 71
B49: Repayments of borrowings | C49: -434.919 | D49: -2.75 | E49: -2.749 | F49: -2.75 | G49: -154.063 | H49: -2.062 | I49: -137.063 | J49: =F49+I49-H49 -> -137.751 | L49: 10-K FY2025 p. 74; 10-K FY2023 p. 71; 10-Q Q3 2025 p. 9
B50: Costs of early repayment of debt | C50: -2.029 | D50: 0 | J50: =F50+I50-H50 -> 0 | L50: 10-K FY2023 p. 71
B51: IPO proceeds, net of underwriting discounts | C51: 582.188 | D51: 0 | J51: =F51+I51-H51 -> 0 | L51: 10-K FY2023 p. 71
B52: Offering costs paid | C52: -5.131 | D52: -0.214 | J52: =F52+I52-H52 -> 0 | L52: 10-K FY2023 p. 71
B53: Payment of tax distributions | C53: 0 | D53: -0.117 | E53: -2.184 | F53: -3.873 | G53: 0 | H53: -0.025 | I53: 0 | J53: =F53+I53-H53 -> -3.848 | L53: 10-K FY2025 p. 74; 10-K FY2023 p. 71; 10-Q Q3 2025 p. 9
B54: Payment of business acquisition holdback liability | C54: 0 | D54: 0 | E54: -2.9 | F54: -4.685 | G54: 0 | H54: -0.78 | I54: 0 | J54: =F54+I54-H54 -> -3.905 | L54: 10-K FY2025 p. 74; 10-K FY2023 p. 71; 10-Q Q3 2025 p. 9
B55: Net cash from financing activities ($M) | C55: =SUM(C42:C54) -> 195.288 | D55: =SUM(D42:D54) -> 16.229 | E55: =SUM(E42:E54) -> -19.291 | F55: =SUM(F42:F54) -> -61.668 | G55: =SUM(G42:G54) -> 725.413 | H55: =SUM(H42:H54) -> -42.525 | I55: =SUM(I42:I54) -> 750.161 | J55: =SUM(J42:J54) -> 731.018 | L55: Computed from the lines above
B57: Effect of exchange rate changes on cash | C57: -0.112 | D57: -1.556 | E57: 0.785 | F57: -1.42 | G57: 0.713 | H57: 0.706 | I57: 1.129 | J57: =F57+I57-H57 -> -0.997 | L57: 10-K FY2025 p. 74; 10-K FY2023 p. 71; 10-Q Q3 2025 p. 9
B58: Change in cash and cash equivalents ($M) | C58: =C27+C39+C55+C57 -> 193.509 | D58: =D27+D39+D55+D57 -> -3.873 | E58: =E27+E39+E55+E57 -> -28.959 | F58: =F27+F39+F55+F57 -> -44.415 | G58: =G27+G39+G55+G57 -> -86.105 | H58: =H27+H39+H55+H57 -> 6.929 | I58: =I27+I39+I55+I57 -> -116.6 | J58: =J27+J39+J55+J57 -> -167.944 | L58: Computed from the lines above
B59: Cash and cash equivalents, beginning of period | C59: 61.088 | D59: =BS!C9 -> 254.597 | E59: =BS!D9 -> 250.724 | F59: =BS!E9 -> 221.765 | G59: =BS!F9 -> 177.35 | H59: =BS!E9 -> 221.765 | I59: =BS!F9 -> 177.35 | L59: FY2021: 10-K FY2023 p. 71; later periods: prior balance sheet cash
B60: Cash and cash equivalents, end of period ($M) | C60: =C58+C59 -> 254.597 | D60: =D58+D59 -> 250.724 | E60: =E58+E59 -> 221.765 | F60: =F58+F59 -> 177.35 | G60: =G58+G59 -> 91.245 | H60: =H58+H59 -> 228.694 | I60: =I58+I59 -> 60.75 | L60: Computed from the lines above
B61: Cash per balance sheet (9M'24: per 10-Q) | C61: =BS!C9 -> 254.597 | D61: =BS!D9 -> 250.724 | E61: =BS!E9 -> 221.765 | F61: =BS!F9 -> 177.35 | G61: =BS!G9 -> 91.245 | H61: 228.694 | I61: =BS!H9 -> 60.75 | L61: Balance sheet cash; 9M'24: 10-Q Q3 2025 p. 10
B62: Difference | C62: =ROUND(C60-C61,3) -> 0 | D62: =ROUND(D60-D61,3) -> 0 | E62: =ROUND(E60-E61,3) -> 0 | F62: =ROUND(F60-F61,3) -> 0 | G62: =ROUND(G60-G61,3) -> 0 | H62: =ROUND(H60-H61,3) -> 0 | I62: =ROUND(I60-I61,3) -> 0
B64: SUPPLEMENTAL
B65: Cash paid for interest | C65: 26.113 | D65: 1.395 | E65: 3.454 | F65: 3.464 | G65: 31.142 | H65: 2.627 | I65: 16.892 | J65: =F65+I65-H65 -> 17.729 | L65: 10-K FY2025 p. 74; 10-K FY2023 p. 71; 10-Q Q3 2025 p. 10
B66: Cash paid for income taxes | C66: 0.802 | D66: 2.044 | E66: 2.432 | F66: 1.979 | G66: 3.486 | H66: 1.179 | I66: 1.166 | J66: =F66+I66-H66 -> 1.966 | L66: 10-K FY2025 p. 74; 10-K FY2023 p. 71; 10-Q Q3 2025 p. 10

Sheet Analysis
B2: Clearwater Analytics (CWAN) – Ratio and Trend Analysis
B3: ($ in millions); FY2021A–FY2025A per 10-K; LTM / Sep-25 per 10-Q Q3 2025 (LTM = FY2024 + 9M'25 – 9M'24); CAGR FY2021A–FY2025A
B4: ="<< Revenue grew from $"&TEXT(C12,"#,##0")&"m in FY2021 to $"&TEXT(G12,"#,##0")&"m in FY2025 ("&TEXT(J12,"0.0%")&" CAGR); stripping out Enfusion and Beacon, FY2025 organic growth was "&TEXT(G19,"0.0%")&" and organic ARR grew "&TEXT(G27,"0.0%")&"." -> << Revenue grew from $252m in FY2021 to $731m in FY2025 (30.5% CAGR); stripping out Enfusion and Beacon, FY2025 organic growth was 18.8% and organic ARR grew 17.7%.
B5: ="<< Adjusted EBITDA margin rose from "&TEXT(C39,"0.0%")&" to "&TEXT(G39,"0.0%")&", but SBC and payroll taxes were "&TEXT(G47,"0.0%")&" of FY2025 revenue and FCF was "&TEXT(G59,"0%")&" of Adjusted EBITDA ("&TEXT(G61,"0%")&" after net share settlement taxes)." -> << Adjusted EBITDA margin rose from 28.8% to 33.9%, but SBC and payroll taxes were 18.4% of FY2025 revenue and FCF was 66% of Adjusted EBITDA (53% after net share settlement taxes).
B6: ="<< At $"&TEXT(G115,"0.00")&" per share the ~$"&TEXT(G116/1000,"0.0")&"bn transaction value is "&TEXT(G119,"0.0")&"x FY2025 Adjusted EBITDA and a "&TEXT(G121,"0.0%")&" FCF yield; net debt is "&TEXT(G107,"0.0")&"x Adjusted EBITDA after the 2025 acquisitions." -> << At $24.55 per share the ~$8.4bn transaction value is 33.8x FY2025 Adjusted EBITDA and a 2.0% FCF yield; net debt is 2.9x Adjusted EBITDA after the 2025 acquisitions.
C8: Fiscal year ended 31-Dec | H8: LTM / latest | J8: CAGR
C9: =DATE(2021,12,31) -> 44561 | D9: =DATE(2022,12,31) -> 44926 | E9: =DATE(2023,12,31) -> 45291 | F9: =DATE(2024,12,31) -> 45657 | G9: =DATE(2025,12,31) -> 46022 | H9: =DATE(2025,9,30) -> 45930 | J9: FY21–25 | L9: Source / basis
B11: REVENUE GROWTH AND RECURRING REVENUE | N11: Key ratio trend | O11: =C9 -> 44561 | P11: =D9 -> 44926 | Q11: =E9 -> 45291 | R11: =F9 -> 45657 | S11: =G9 -> 46022
B12: Revenue ($M) | C12: =IS!C9 -> 252.022 | D12: =IS!D9 -> 303.426 | E12: =IS!E9 -> 368.168 | F12: =IS!F9 -> 451.803 | G12: =IS!G9 -> 731.368 | H12: =IS!L9 -> 640.376 | J12: =(G12/C12)^(1/(YEAR($G$9)-YEAR($C$9)))-1 -> 0.30519192 | L12: Income statement | N12: Organic revenue growth | O12: n.a. | P12: =D19 -> 0.2003952 | Q12: =E19 -> 0.19161838 | R12: =F19 -> 0.22716532 | S12: =G19 -> 0.18827896
B13: % growth | D13: =D12/C12-1 -> 0.20396632 | E13: =E12/D12-1 -> 0.21336998 | F13: =F12/E12-1 -> 0.22716532 | G13: =G12/F12-1 -> 0.61877633 | N13: Adj. EBITDA margin | O13: =C39 -> 0.28837165 | P13: =D39 -> 0.26739963 | Q13: =E39 -> 0.28765672 | R13: =F39 -> 0.32242814 | S13: =G39 -> 0.33935037
B14: Acquired revenue – Enfusion (from 21-Apr-2025) | G14: =Acquisitions!C37 -> 158.9 | L14: Note 5, 10-K FY2025 p. 85 | N14: SBC % of revenue | O14: =C45 -> 0.14560237 | P14: =D45 -> 0.2164976 | Q14: =E45 -> 0.28369386 | R14: =F45 -> 0.22842035 | S14: =G45 -> 0.17487229
B15: Acquired revenue – Beacon (from 30-Apr-2025) | G15: =Acquisitions!D37 -> 35.6 | L15: Note 5, 10-K FY2025 p. 86 | N15: FCF / Adj. EBITDA | O15: =C59 -> -0.022937421 | P15: =D59 -> 0.61929353 | Q15: =E59 -> 0.74573679 | R15: =F59 -> 0.47408597 | S15: =G59 -> 0.66216205
B16: Acquired revenue – JUMP license revenue (disclosed) | D16: 0.9 | E16: 6.6 | L16: 10-K FY2023 p. 51 | N16: Net debt / Adj. EBITDA | O16: =C107 -> -2.7614343 | P16: =D107 -> -2.5188819 | Q16: =E107 -> -2.5413008 | R16: =F107 -> -1.6466631 | S16: =G107 -> 2.9469278
B17: Acquired revenue, disclosed ($M) | C17: =SUM(C14:C16) -> 0 | D17: =SUM(D14:D16) -> 0.9 | E17: =SUM(E14:E16) -> 6.6 | F17: =SUM(F14:F16) -> 0 | G17: =SUM(G14:G16) -> 194.5 | L17: Sum of disclosed acquired revenue; Wilshire (2024) not disclosed | N17: Adjusted ROIC | O17: n.a. | P17: =D99 -> 0.61516486 | Q17: =E99 -> 0.55237153 | R17: =F99 -> 0.64231511 | S17: =G99 -> 0.1139955
B18: Organic revenue ($M) | C18: =C12-C17 -> 252.022 | D18: =D12-D17 -> 302.526 | E18: =E12-E17 -> 361.568 | F18: =F12-F17 -> 451.803 | G18: =G12-G17 -> 536.868 | L18: Revenue less disclosed acquired revenue | N18: Source: 10-K FY2022, FY2023 and FY2025; Compound analysis. Shading: green favorable, amber watch, red unfavorable.
B19: Organic revenue growth | D19: =D18/C12-1 -> 0.2003952 | E19: =E18/D12-1 -> 0.19161838 | F19: =F18/E12-1 -> 0.22716532 | G19: =G18/F12-1 -> 0.18827896 | L19: Organic revenue / prior-year revenue
B20: Acquired contribution to growth | D20: =D17/C12 -> 0.0035711168 | E20: =E17/D12 -> 0.021751597 | F20: =F17/E12 -> 0 | G20: =G17/F12 -> 0.43049736
B21: Pro forma revenue (Enfusion and Beacon from 1-Jan-2024) | F21: 708.264 | G21: 817.005 | L21: 10-K FY2025 p. 87 | O21: =C9 -> 44561 | P21: =D9 -> 44926 | Q21: =E9 -> 45291 | R21: =F9 -> 45657 | S21: =G9 -> 46022
B22: Pro forma revenue growth | G22: =G21/F21-1 -> 0.15353173 | N22: Excl. Enfusion and Beacon | O22: =C12-C14-C15 -> 252.022 | P22: =D12-D14-D15 -> 303.426 | Q22: =E12-E14-E15 -> 368.168 | R22: =F12-F14-F15 -> 451.803 | S22: =G12-G14-G15 -> 536.868
B23: Annualized recurring revenue, period end ($M) | C23: 277.78 | D23: 323.461 | E23: 379.096 | F23: 474.924 | G23: 840.962 | H23: 807.479 | J23: =(G23/C23)^(1/(YEAR($G$9)-YEAR($C$9)))-1 -> 0.31907306 | L23: 10-K FY2023 p. 47; 10-K FY2025 p. 47; 10-Q Q3 2025 p. 33 | N23: Enfusion and Beacon | S23: =G14+G15 -> 194.5
B24: % growth | D24: =D23/C23-1 -> 0.16445028 | E24: =E23/D23-1 -> 0.1719991 | F24: =F23/E23-1 -> 0.2527803 | G24: =G23/F23-1 -> 0.77072963
B25: Acquired ARR (acquired entities) | G25: 282 | H25: 273.1 | L25: 10-K FY2025 p. 47
B26: Organic ARR ($M) | G26: =G23-G25 -> 558.962 | H26: =H23-H25 -> 534.379 | L26: ARR less acquired ARR
B27: Organic ARR growth | G27: =G26/F23-1 -> 0.17695042
B28: Net revenue retention, Q4 (H: Q3'25) | C28: 1.11 | D28: 1.06 | E28: 1.07 | F28: 1.16 | G28: 1.09 | H28: 1.08 | L28: 10-K FY2023 p. 47; 10-K FY2025 p. 48
B29: Net revenue retention excl. acquired entities | G29: 1.13 | H29: 1.12 | L29: 10-K FY2025 p. 48
B30: Gross revenue retention, Q4 (H: Q3'25) | C30: 0.98 | D30: 0.98 | E30: 0.98 | F30: 0.98 | G30: 0.98 | H30: 0.98 | L30: 10-K FY2023 p. 47; 10-K FY2025 p. 48
B32: MARGINS
B33: Gross margin | C33: =IS!C11/IS!C9 -> 0.73072192 | D33: =IS!D11/IS!D9 -> 0.71069058 | E33: =IS!E11/IS!E9 -> 0.70902686 | F33: =IS!F11/IS!F9 -> 0.72778623 | G33: =IS!G11/IS!G9 -> 0.67291432 | H33: =IS!L11/IS!L9 -> 0.68527084 | L33: Income statement
B34: Research and development (% revenue) | C34: =-IS!C12/IS!C9 -> 0.2884272 | D34: =-IS!D12/IS!D9 -> 0.31019095 | E34: =-IS!E12/IS!E9 -> 0.33659905 | F34: =-IS!F12/IS!F9 -> 0.33323816 | G34: =-IS!G12/IS!G9 -> 0.26830269 | H34: =-IS!L12/IS!L9 -> 0.28127694
B35: Sales and marketing (% revenue) | C35: =-IS!C13/IS!C9 -> 0.15500631 | D35: =-IS!D13/IS!D9 -> 0.17347887 | E35: =-IS!E13/IS!E9 -> 0.16396047 | F35: =-IS!F13/IS!F9 -> 0.14885691 | G35: =-IS!G13/IS!G9 -> 0.20397392 | H35: =-IS!L13/IS!L9 -> 0.1892763
B36: General and administrative (% revenue) | C36: =-IS!C14/IS!C9 -> 0.17435779 | D36: =-IS!D14/IS!D9 -> 0.21015668 | E36: =-IS!E14/IS!E9 -> 0.25394928 | F36: =-IS!F14/IS!F9 -> 0.21861298 | G36: =-IS!G14/IS!G9 -> 0.21114678 | H36: =-IS!L14/IS!L9 -> 0.21428817
B37: Operating margin (GAAP) | C37: =IS!C16/IS!C9 -> 0.11293062 | D37: =IS!D16/IS!D9 -> 0.016864079 | E37: =IS!E16/IS!E9 -> -0.045481954 | F37: =IS!F16/IS!F9 -> 0.027078173 | G37: =IS!G16/IS!G9 -> -0.010509073 | H37: =IS!L16/IS!L9 -> 0.00042943521
B38: Adjusted EBITDA ($M) | C38: =IS!C49 -> 72.676 | D38: =IS!D49 -> 81.136 | E38: =IS!E49 -> 105.906 | F38: =IS!F49 -> 145.674 | G38: =IS!G49 -> 248.19 | H38: =IS!L49 -> 215.799 | J38: =(G38/C38)^(1/(YEAR($G$9)-YEAR($C$9)))-1 -> 0.35940329 | L38: Company reconciliation
B39: Adjusted EBITDA margin | C39: =C38/C12 -> 0.28837165 | D39: =D38/D12 -> 0.26739963 | E39: =E38/E12 -> 0.28765672 | F39: =F38/F12 -> 0.32242814 | G39: =G38/G12 -> 0.33935037 | H39: =H38/H12 -> 0.33698796
B40: Net margin | C40: =IS!C23/IS!C9 -> -0.032116244 | D40: =IS!D23/IS!D9 -> -0.022064688 | E40: =IS!E23/IS!E9 -> -0.062696921 | F40: =IS!F23/IS!F9 -> 0.94639699 | G40: =IS!G23/IS!G9 -> -0.055039324 | H40: =IS!L23/IS!L9 -> 0.61303984
B41: Incremental Adjusted EBITDA margin | D41: =(D38-C38)/(D12-C12) -> 0.16457863 | E41: =(E38-D38)/(E12-D12) -> 0.38259553 | F41: =(F38-E38)/(F12-E12) -> 0.47549471 | G41: =(G38-F38)/(G12-F12) -> 0.36669826
B43: EQUITY-BASED COMPENSATION
B44: Equity-based compensation ($M) | C44: =IS!C34 -> 36.695 | D44: =IS!D34 -> 65.691 | E44: =IS!E34 -> 104.447 | F44: =IS!F34 -> 103.201 | G44: =IS!G34 -> 127.896 | H44: =IS!L34 -> 122.872 | J44: =(G44/C44)^(1/(YEAR($G$9)-YEAR($C$9)))-1 -> 0.36635175 | L44: Income statement memo
B45: % of revenue | C45: =C44/C12 -> 0.14560237 | D45: =D44/D12 -> 0.2164976 | E45: =E44/E12 -> 0.28369386 | F45: =F44/F12 -> 0.22842035 | G45: =G44/G12 -> 0.17487229 | H45: =H44/H12 -> 0.19187477
B46: SBC and related payroll taxes, Adj. EBITDA add-back ($M) | C46: =IS!C41+IS!C42 -> 36.695 | D46: =IS!D41+IS!D42 -> 66.525 | E46: =IS!E41+IS!E42 -> 108.078 | F46: =IS!F41+IS!F42 -> 110.961 | G46: =IS!G41+IS!G42 -> 134.533 | H46: =IS!L41+IS!L42 -> 131.156 | L46: Company reconciliation
B47: % of revenue | C47: =C46/C12 -> 0.14560237 | D47: =D46/D12 -> 0.21924621 | E47: =E46/E12 -> 0.2935562 | F47: =F46/F12 -> 0.24559598 | G47: =G46/G12 -> 0.18394707 | H47: =H46/H12 -> 0.20481092
B48: Adjusted EBITDA less SBC and payroll taxes ($M) | C48: =C38-C46 -> 35.981 | D48: =D38-D46 -> 14.611 | E48: =E38-E46 -> -2.172 | F48: =F38-F46 -> 34.713 | G48: =G38-G46 -> 113.657 | H48: =H38-H46 -> 84.643
B49: % margin | C49: =C48/C12 -> 0.14276928 | D49: =D48/D12 -> 0.048153421 | E49: =E48/E12 -> -0.0058994807 | F49: =F48/F12 -> 0.076832159 | G49: =G48/G12 -> 0.1554033 | H49: =H48/H12 -> 0.13217703
B50: Taxes paid on net share settlement | C50: =-CFS!C44 -> 2.185 | D50: =-CFS!D44 -> 3.189 | E50: =-CFS!E44 -> 20.784 | F50: =-CFS!F44 -> 55.301 | G50: =-CFS!G44 -> 33.749 | H50: =-CFS!J44 -> 44.87 | L50: Cash flow statement
B51: % of revenue | C51: =C50/C12 -> 0.008669878 | D51: =D50/D12 -> 0.010509976 | E51: =E50/E12 -> 0.056452489 | F51: =F50/F12 -> 0.12240069 | G51: =G50/G12 -> 0.046145032 | H51: =H50/H12 -> 0.07006821
B53: CASH CONVERSION
B54: Cash from operations ($M) | C54: =CFS!C27 -> 3.358 | D54: =CFS!D27 -> 58.005 | E54: =CFS!E27 -> 84.602 | F54: =CFS!F27 -> 74.321 | G54: =CFS!G27 -> 175.896 | H54: =CFS!J27 -> 91.366 | L54: Cash flow statement
B55: Purchases of property, equipment and software | C55: =CFS!C30 -> -5.025 | D55: =CFS!D30 -> -7.758 | E55: =CFS!E30 -> -5.624 | F55: =CFS!F30 -> -5.259 | G55: =CFS!G30 -> -11.554 | H55: =CFS!J30 -> -9.334
B56: Free cash flow ($M) | C56: =C54+C55 -> -1.667 | D56: =D54+D55 -> 50.247 | E56: =E54+E55 -> 78.978 | F56: =F54+F55 -> 69.062 | G56: =G54+G55 -> 164.342 | H56: =H54+H55 -> 82.032 | L56: CFO less purchases of PP&E and software
B57: FCF margin | C57: =C56/C12 -> -0.0066145019 | D57: =D56/D12 -> 0.16559886 | E57: =E56/E12 -> 0.2145162 | F57: =F56/F12 -> 0.15285866 | G57: =G56/G12 -> 0.22470494 | H57: =H56/H12 -> 0.12809974
B58: CFO / Adjusted EBITDA | C58: =C54/C38 -> 0.046205075 | D58: =D54/D38 -> 0.71491077 | E58: =E54/E38 -> 0.79884048 | F58: =F54/F38 -> 0.51018713 | G58: =G54/G38 -> 0.7087151 | H58: =H54/H38 -> 0.42338472
B59: FCF / Adjusted EBITDA | C59: =C56/C38 -> -0.022937421 | D59: =D56/D38 -> 0.61929353 | E59: =E56/E38 -> 0.74573679 | F59: =F56/F38 -> 0.47408597 | G59: =G56/G38 -> 0.66216205 | H59: =H56/H38 -> 0.38013151
B60: FCF less taxes on net share settlement ($M) | C60: =C56-C50 -> -3.852 | D60: =D56-D50 -> 47.058 | E60: =E56-E50 -> 58.194 | F60: =F56-F50 -> 13.761 | G60: =G56-G50 -> 130.593 | H60: =H56-H50 -> 37.162
B61: % of Adjusted EBITDA | C61: =C60/C38 -> -0.053002367 | D61: =D60/D38 -> 0.57998915 | E61: =E60/E38 -> 0.54948728 | F61: =F60/F38 -> 0.094464352 | G61: =G60/G38 -> 0.52618155 | H61: =H60/H38 -> 0.17220654
B62: Cash interest paid | C62: =CFS!C65 -> 26.113 | D62: =CFS!D65 -> 1.395 | E62: =CFS!E65 -> 3.454 | F62: =CFS!F65 -> 3.464 | G62: =CFS!G65 -> 31.142 | H62: =CFS!J65 -> 17.729
B63: TRA payments within CFO (expense less liability change) | C63: =-IS!C18-CFS!C25 -> 0 | D63: =-IS!D18-CFS!D25 -> -0.561 | E63: =-IS!E18-CFS!E25 -> 8.396 | F63: =-IS!F18-CFS!F25 -> 72.04 | G63: =-IS!G18-CFS!G25 -> 0.035 | H63: =-IS!L18-CFS!J25 -> 70.464 | L63: TRA expense less change in TRA liability
B64: CFO before TRA payments / Adjusted EBITDA | C64: =(C54+C63)/C38 -> 0.046205075 | D64: =(D54+D63)/D38 -> 0.70799645 | E64: =(E54+E63)/E38 -> 0.87811833 | F64: =(F54+F63)/F38 -> 1.004716 | G64: =(G54+G63)/G38 -> 0.70885612 | H64: =(H54+H63)/H38 -> 0.7499108
B66: WORKING CAPITAL
B67: Days in period | C67: 365 | D67: 365 | E67: 365 | F67: 365 | G67: 365 | H67: 365 | L67: Assumed
B68: Days sales outstanding (AR / revenue) | C68: =BS!C11/C12*C67 -> 72.689487 | D68: =BS!D11/D12*D67 -> 87.302588 | E68: =BS!E11/E12*E67 -> 91.298578 | F68: =BS!F11/F12*F67 -> 85.756657 | G68: =BS!G11/G12*G67 -> 83.517491 | H68: =BS!H11/H12*H67 -> 87.087453 | L68: Balance sheet AR; FY2025 inflated by acquisitions closed in April
B69: DSO on pro forma revenue | G69: =BS!G11/G21*G67 -> 74.763337
B70: Days payable (AP / cost of revenue) | C70: =BS!C26/-IS!C10*C67 -> 7.6158199 | D70: =BS!D26/-IS!D10*D67 -> 12.856329 | E70: =BS!E26/-IS!E10*E67 -> 10.432757 | F70: =BS!F26/-IS!F10*F67 -> 8.7075057 | G70: =BS!G26/-IS!G10*G67 -> 6.2496447 | H70: =BS!H26/-IS!L10*H67 -> 6.005309
B71: Accrued liabilities days (accrued / total costs) | C71: =BS!C27/-(IS!C10+IS!C15)*C67 -> 44.134174 | D71: =BS!D27/-(IS!D10+IS!D15)*D67 -> 51.53527 | E71: =BS!E27/-(IS!E10+IS!E15)*E67 -> 46.972368 | F71: =BS!F27/-(IS!F10+IS!F15)*F67 -> 46.21279 | G71: =BS!G27/-(IS!G10+IS!G15)*G67 -> 55.43693 | H71: =BS!H27/-(IS!L10+IS!L15)*H67 -> 47.676304
B72: Deferred revenue days | C72: =BS!C28/C12*C67 -> 0 | D72: =BS!D28/D12*D67 -> 0 | E72: =BS!E28/E12*E67 -> 0 | F72: =BS!F28/F12*F67 -> 5.9209102 | G72: =BS!G28/G12*G67 -> 10.909556 | H72: =BS!H28/H12*H67 -> 9.7762564
B73: Net working capital ($M) | C73: =BS!C11+BS!C12-BS!C26-BS!C27-BS!C28 -> 38.293 | D73: =BS!D11+BS!D12-BS!D26-BS!D27-BS!D28 -> 55.521 | E73: =BS!E11+BS!E12-BS!E26-BS!E27-BS!E28 -> 67.177 | F73: =BS!F11+BS!F12-BS!F26-BS!F27-BS!F28 -> 63.24 | G73: =BS!G11+BS!G12-BS!G26-BS!G27-BS!G28 -> 66.12 | H73: =BS!H11+BS!H12-BS!H26-BS!H27-BS!H28 -> 82.584 | L73: AR + prepaid – AP – accrued – deferred revenue
B74: NWC % revenue | C74: =C73/C12 -> 0.15194308 | D74: =D73/D12 -> 0.18298036 | E74: =E73/E12 -> 0.1824629 | F74: =F73/F12 -> 0.13997251 | G74: =G73/G12 -> 0.090405924 | H74: =H73/H12 -> 0.12896173
B75: Cash flow from working capital changes | C75: =SUM(CFS!C20:C26) -> -43.294 | D75: =SUM(CFS!D20:D26) -> -15.883 | E75: =SUM(CFS!E20:E26) -> -16.125 | F75: =SUM(CFS!F20:F26) -> -21.16 | G75: =SUM(CFS!G20:G26) -> -17.807 | H75: =SUM(CFS!J20:J26) -> -48.711
B77: CAPEX AND CAPITALIZED SOFTWARE
B78: Capex, incl. internally developed software ($M) | C78: =-CFS!C30 -> 5.025 | D78: =-CFS!D30 -> 7.758 | E78: =-CFS!E30 -> 5.624 | F78: =-CFS!F30 -> 5.259 | G78: =-CFS!G30 -> 11.554 | H78: =-CFS!J30 -> 9.334
B79: Capex % revenue | C79: =C78/C12 -> 0.019938736 | D79: =D78/D12 -> 0.025568013 | E79: =E78/E12 -> 0.015275635 | F79: =F78/F12 -> 0.011640029 | G79: =G78/G12 -> 0.015797793 | H79: =H78/H12 -> 0.014575812
B80: Internally developed software, gross balance | C80: =BS!C52 -> 4.925 | D80: =BS!D52 -> 11.561 | E80: =BS!E52 -> 15.954 | F80: =BS!F52 -> 18.053 | G80: =BS!G52 -> 24.475 | L80: Balance sheet supplemental
B81: Depreciation expense | E81: 5.7 | F81: 6.5 | G81: 9.9 | L81: 10-K FY2025 p. 89
B82: Amortization of intangible assets | F82: 5.6 | G82: 75.7 | L82: 10-K FY2025 p. 88
B83: Depreciation and amortization ($M) | C83: =IS!C40 -> 3.493 | D83: =IS!D40 -> 5.139 | E83: =IS!E40 -> 9.929 | F83: =IS!F40 -> 12.181 | G83: =IS!G40 -> 85.541 | H83: =IS!L40 -> 59.503
B84: Increase in internally developed software (capitalized proxy) | D84: =D80-C80 -> 6.636 | E84: =E80-D80 -> 4.393 | F84: =F80-E80 -> 2.099 | G84: =G80-F80 -> 6.422 | L84: Gross balance change; ignores retirements and acquired software
B85: % of revenue | D85: =D84/D12 -> 0.021870242 | E85: =E84/E12 -> 0.011932053 | F85: =F84/F12 -> 0.0046458302 | G85: =G84/G12 -> 0.0087808053
B86: Capex / depreciation (x) | E86: =E78/E81 -> 0.98666667 | F86: =F78/F81 -> 0.80907692 | G86: =G78/G81 -> 1.1670707
B88: RETURN ON INVESTED CAPITAL
B89: Tax rate on NOPAT (U.S. federal statutory, assumed) | C89: 0.21 | D89: 0.21 | E89: 0.21 | F89: 0.21 | G89: 0.21 | L89: Assumed (21% U.S. federal statutory)
B90: NOPAT, GAAP operating income ($M) | C90: =IS!C16*(1-C89) -> 22.48419 | D90: =IS!D16*(1-D89) -> 4.04243 | E90: =IS!E16*(1-E89) -> -13.22855 | F90: =IS!F16*(1-F89) -> 9.66486 | G90: =IS!G16*(1-G89) -> -6.07194
B91: NOPAT, Adjusted EBITDA less D&A ($M) | C91: =(C38-C83)*(1-C89) -> 54.65457 | D91: =(D38-D83)*(1-D89) -> 60.03763 | E91: =(E38-E83)*(1-E89) -> 75.82183 | F91: =(F38-F83)*(1-F89) -> 105.45947 | G91: =(G38-G83)*(1-G89) -> 128.49271
B92: Total debt, carrying value | C92: =BS!C51 -> 53.907 | D92: =BS!D51 -> 51.242 | E92: =BS!E51 -> 48.578 | F92: =BS!F51 -> 45.914 | G92: =BS!G51 -> 822.643 | H92: =BS!H51 -> 838.869
B93: Total stockholders' equity | C93: =BS!C46 -> 261.868 | D93: =BS!D46 -> 338.386 | E93: =BS!E46 -> 409.657 | F93: =BS!F46 -> 1030.231 | G93: =BS!G46 -> 2031.092 | H93: =BS!H46 -> 2001.551
B94: Cash and investments | C94: =BS!C9+BS!C10+BS!C22 -> 254.597 | D94: =BS!D9+BS!D10+BS!D22 -> 255.614 | E94: =BS!E9+BS!E10+BS!E22 -> 317.717 | F94: =BS!F9+BS!F10+BS!F22 -> 285.79 | G94: =BS!G9+BS!G10+BS!G22 -> 91.245 | H94: =BS!H9+BS!H10+BS!H22 -> 64.148
B95: Deferred tax assets | C95: =BS!C18 -> 0 | D95: =BS!D18 -> 0 | E95: =BS!E18 -> 0 | F95: =BS!F18 -> 602.5 | G95: =BS!G18 -> 695.998 | H95: =BS!H18 -> 671.801
B96: Invested capital, excl. cash and DTA ($M) | C96: =C92+C93-C94-C95 -> 61.178 | D96: =D92+D93-D94-D95 -> 134.014 | E96: =E92+E93-E94-E95 -> 140.518 | F96: =F92+F93-F94-F95 -> 187.855 | G96: =G92+G93-G94-G95 -> 2066.492 | H96: =H92+H93-H94-H95 -> 2104.471 | L96: Debt + equity – cash and investments – DTA
B97: Average invested capital | D97: =AVERAGE(C96,D96) -> 97.596 | E97: =AVERAGE(D96,E96) -> 137.266 | F97: =AVERAGE(E96,F96) -> 164.1865 | G97: =AVERAGE(F96,G96) -> 1127.1735
B98: ROIC, GAAP | D98: =D90/D97 -> 0.041420038 | E98: =E90/E97 -> -0.096371643 | F98: =F90/F97 -> 0.058865132 | G98: =G90/G97 -> -0.0053868726
B99: ROIC, adjusted | D99: =D91/D97 -> 0.61516486 | E99: =E91/E97 -> 0.55237153 | F99: =F91/F97 -> 0.64231511 | G99: =G91/G97 -> 0.1139955
B100: Goodwill and intangible assets | C100: =BS!C20+BS!C21 -> 0 | D100: =BS!D20+BS!D21 -> 73.247 | E100: =BS!E20+BS!E21 -> 71.47 | F100: =BS!F20+BS!F21 -> 101.839 | G100: =BS!G20+BS!G21 -> 1957.634 | H100: =BS!H20+BS!H21 -> 1981.226
B101: ROIC, adjusted, excl. goodwill and intangibles | D101: =D91/AVERAGE(C96-C100,D96-D100) -> 0.98466735 | E101: =E91/AVERAGE(D96-D100,E96-E100) -> 1.1681521 | F101: =F91/AVERAGE(E96-E100,F96-F100) -> 1.3602057 | G101: =G91/AVERAGE(F96-F100,G96-G100) -> 1.318726 | L101: Excludes goodwill and intangibles from invested capital
B103: LEVERAGE AND LIQUIDITY
B104: Total debt, carrying value ($M) | C104: =C92 -> 53.907 | D104: =D92 -> 51.242 | E104: =E92 -> 48.578 | F104: =F92 -> 45.914 | G104: =G92 -> 822.643 | H104: =H92 -> 838.869
B105: Cash and investments | C105: =C94 -> 254.597 | D105: =D94 -> 255.614 | E105: =E94 -> 317.717 | F105: =F94 -> 285.79 | G105: =G94 -> 91.245 | H105: =H94 -> 64.148
B106: Net debt (cash) ($M) | C106: =C104-C105 -> -200.69 | D106: =D104-D105 -> -204.372 | E106: =E104-E105 -> -269.139 | F106: =F104-F105 -> -239.876 | G106: =G104-G105 -> 731.398 | H106: =H104-H105 -> 774.721 | L106: Carrying debt less cash and investments
B107: Net debt / Adjusted EBITDA (x) | C107: =C106/C38 -> -2.7614343 | D107: =D106/D38 -> -2.5188819 | E107: =E106/E38 -> -2.5413008 | F107: =F106/F38 -> -1.6466631 | G107: =G106/G38 -> 2.9469278 | H107: =H106/H38 -> 3.590012
B108: Total debt / Adjusted EBITDA (x) | C108: =C104/C38 -> 0.74174418 | D108: =D104/D38 -> 0.63155689 | E108: =E104/E38 -> 0.45868978 | F108: =F104/F38 -> 0.31518322 | G108: =G104/G38 -> 3.3145695 | H108: =H104/H38 -> 3.8872701
B109: Adjusted EBITDA / interest expense (x) | C109: =IF(-IS!C17>0,C38/-IS!C17,"n.m.") -> 2.8298419 | D109: =IF(-IS!D17>0,D38/-IS!D17,"n.m.") -> n.m. | E109: =IF(-IS!E17>0,E38/-IS!E17,"n.m.") -> 22.39501 | F109: =IF(-IS!F17>0,F38/-IS!F17,"n.m.") -> 33.68185 | G109: =IF(-IS!G17>0,G38/-IS!G17,"n.m.") -> 5.4351349 | H109: =IF(-IS!L17>0,H38/-IS!L17,"n.m.") -> 6.8353552
B110: Current ratio (x) | C110: =BS!C13/BS!C32 -> 10.299955 | D110: =BS!D13/BS!D32 -> 5.3982003 | E110: =BS!E13/BS!E32 -> 5.1489751 | F110: =BS!F13/BS!F32 -> 4.9920314 | G110: =BS!G13/BS!G32 -> 1.8319357 | H110: =BS!H13/BS!H32 -> 1.9653646 | L110: Balance sheet
...

Sheet Acquisitions
B2: Clearwater Analytics (CWAN) – 2025 Acquisitions of Enfusion and Beacon
B3: ($ in millions, except per share; preliminary purchase accounting per 10-K FY2025 Note 5); Enfusion FY2024 revenue per Enfusion merger prospectus
C5: Enfusion | D5: Beacon | E5: Total | G5: Source (document, printed page)
B6: Closing date | C6: 45768 | D6: 45777 | G6: 10-K FY2025 p. 84; 10-K FY2025 p. 85
B8: CONSIDERATION
B9: Cash paid | C9: 760.499 | D9: 351.327 | E9: =C9+D9 -> 1111.826 | G9: 10-K FY2025 p. 84; 10-K FY2025 p. 85
B10: Fair value of CWAN Class A stock issued | C10: 598.648 | D10: 178.707 | E10: =C10+D10 -> 777.355 | G10: 10-K FY2025 p. 84; 10-K FY2025 p. 85
B11: Converted equity awards (pre-combination service) | C11: 12.769 | D11: 1.911 | E11: =C11+D11 -> 14.68 | G11: 10-K FY2025 p. 84; 10-K FY2025 p. 85
B12: Payment to terminate Enfusion tax receivable agreement | C12: 30 | E12: =C12+D12 -> 30 | G12: 10-K FY2025 p. 84
B13: Total consideration ($M) | C13: =SUM(C9:C12) -> 1401.916 | D13: =SUM(D9:D12) -> 531.945 | E13: =SUM(E9:E12) -> 1933.861 | G13: Computed
B14: Less: cash acquired | C14: -22.864 | D14: -44.208 | E14: =C14+D14 -> -67.072 | G14: 10-K FY2025 p. 84; 10-K FY2025 p. 85
B15: Consideration, net of cash acquired ($M) | C15: =C13+C14 -> 1379.052 | D15: =D13+D14 -> 487.737 | E15: =E13+E14 -> 1866.789 | G15: Computed
B16: CWAN Class A shares issued (m) | C16: 28.066027 | D16: 7.858675 | E16: =C16+D16 -> 35.924702 | G16: 10-K FY2025 p. 84; 10-K FY2025 p. 85
B17: Issue price per CWAN share ($) | C17: 21.33 | D17: 22.74 | G17: 10-K FY2025 p. 84; 10-K FY2025 p. 85
B19: PURCHASE PRICE ALLOCATION
B20: Goodwill | C20: 854.391 | D20: 339.247 | E20: =C20+D20 -> 1193.638 | G20: 10-K FY2025 p. 84; 10-K FY2025 p. 86
B21: Developed technology | C21: 400 | D21: 130 | E21: =C21+D21 -> 530 | G21: 10-K FY2025 p. 85; 10-K FY2025 p. 86
B22: Client relationships | C22: 40 | D22: 33.5 | E22: =C22+D22 -> 73.5 | G22: 10-K FY2025 p. 85; 10-K FY2025 p. 86
B23: Trade names / trademarks | C23: 10 | D23: 3.4 | E23: =C23+D23 -> 13.4 | G23: 10-K FY2025 p. 85; 10-K FY2025 p. 86
B24: Identified intangible assets ($M) | C24: =SUM(C21:C23) -> 450 | D24: =SUM(D21:D23) -> 166.9 | E24: =SUM(E21:E23) -> 616.9 | G24: Computed
B25: Net tangible assets (liabilities) acquired | C25: =C15-C20-C24 -> 74.661 | D25: =D15-D20-D24 -> -18.41 | E25: =E15-E20-E24 -> 56.251 | G25: Computed
B26: Goodwill and intangibles % of net consideration | C26: =(C20+C24)/C15 -> 0.94586063 | D26: =(D20+D24)/D15 -> 1.0377458 | E26: =(E20+E24)/E15 -> 0.96986751 | G26: Computed
B28: AMORTIZATION
B29: Developed technology life (years) | C29: 7 | D29: 8 | G29: 10-K FY2025 p. 85; 10-K FY2025 p. 86
B30: Client relationships life (years) | C30: 10 | D30: 10 | G30: 10-K FY2025 p. 85; 10-K FY2025 p. 86
B31: Trade names life (years) | C31: 5 | D31: 5 | G31: 10-K FY2025 p. 85; 10-K FY2025 p. 86
B32: Annual amortization of acquired intangibles ($M) | C32: =C21/C29+C22/C30+C23/C31 -> 63.142857 | D32: =D21/D29+D22/D30+D23/D31 -> 20.28 | E32: =C32+D32 -> 83.422857 | G32: Computed
B33: CWAN intangible amortization, FY2025A | E33: =Analysis!G82 -> 75.7 | G33: 10-K FY2025 p. 88
B34: CWAN scheduled intangible amortization, FY2026E | E34: 106.08 | G34: 10-K FY2025 p. 88
B36: CONTRIBUTION AND PRICE PAID
B37: FY2025 revenue contributed ($M) | C37: 158.9 | D37: 35.6 | E37: =C37+D37 -> 194.5 | G37: 10-K FY2025 p. 85; 10-K FY2025 p. 86
B38: % of CWAN FY2025 revenue | C38: =C37/IS!$G$9 -> 0.21726409 | D38: =D37/IS!$G$9 -> 0.048675906 | E38: =E37/IS!$G$9 -> 0.26593999 | G38: Computed
B39: Q3'25 revenue contributed | C39: 57.1 | G39: 10-Q Q3 2025 p. 14
B40: 9M'25 revenue contributed | C40: 99.6 | G40: 10-Q Q3 2025 p. 14
B41: Quarters per year | C41: 4 | G41: Assumed
B42: Q3'25 revenue run-rate, annualized | C42: =C39*C41 -> 228.4 | G42: Computed
B43: FY2024 standalone revenue | C43: 201.611 | G43: Enfusion merger prospectus (424B3) p. 153
B44: Run-rate growth vs FY2024 standalone | C44: =C42/C43-1 -> 0.13287469 | G44: Computed
B45: Net consideration / FY2024 revenue (x) | C45: =C15/C43 -> 6.8401625 | G45: Computed
B46: FY2025 net income (loss) contributed | C46: -14.6 | G46: 10-K FY2025 p. 85
B47: Acquisition-related costs expensed | C47: 4.6 | D47: 4.1 | E47: =C47+D47 -> 8.7 | G47: 10-K FY2025 p. 85; 10-K FY2025 p. 86
B50: EFFECT ON CWAN
C51: =DATE(2024,12,31) -> 45657 | D51: =DATE(2025,12,31) -> 46022 | E51: Change
B52: Revenue ($M) | C52: =IS!F9 -> 451.803 | D52: =IS!G9 -> 731.368 | E52: =D52-C52 -> 279.565
B53: Acquired revenue (Enfusion and Beacon) | D53: =E37 -> 194.5 | E53: =D53-C53 -> 194.5
B54: Organic revenue growth | C54: =Analysis!F19 -> 0.22716532 | D54: =Analysis!G19 -> 0.18827896 | E54: =D54-C54 -> -0.038886354
B55: Pro forma revenue (as if acquired 1-Jan-2024) | C55: =Analysis!F21 -> 708.264 | D55: =Analysis!G21 -> 817.005
B56: Pro forma revenue growth | D56: =D55/C55-1 -> 0.15353173
B57: ARR, Q4 | C57: =Analysis!F23 -> 474.924 | D57: =Analysis!G23 -> 840.962 | E57: =D57-C57 -> 366.038
B58: Acquired ARR, Q4 | D58: =Analysis!G25 -> 282 | E58: =D58-C58 -> 282
B59: Adjusted EBITDA margin | C59: =Analysis!F39 -> 0.32242814 | D59: =Analysis!G39 -> 0.33935037 | E59: =D59-C59 -> 0.01692223
B60: Depreciation and amortization | C60: =IS!F40 -> 12.181 | D60: =IS!G40 -> 85.541 | E60: =D60-C60 -> 73.36
B61: Interest expense | C61: =-IS!F17 -> 4.325 | D61: =-IS!G17 -> 45.664 | E61: =D61-C61 -> 41.339
B62: Income (loss) from operations ($M) | C62: =IS!F16 -> 12.234 | D62: =IS!G16 -> -7.686 | E62: =D62-C62 -> -19.92
B63: Goodwill and intangible assets | C63: =BS!F20+BS!F21 -> 101.839 | D63: =BS!G20+BS!G21 -> 1957.634 | E63: =D63-C63 -> 1855.795
B64: % of total assets | C64: =C63/BS!F23 -> 0.087073733 | D64: =D63/BS!G23 -> 0.64567277 | E64: =D64-C64 -> 0.55859904
B65: Net debt (cash) ($M) | C65: =Analysis!F106 -> -239.876 | D65: =Analysis!G106 -> 731.398 | E65: =D65-C65 -> 971.274
B66: Net debt / Adjusted EBITDA (x) | C66: =Analysis!F107 -> -1.6466631 | D66: =Analysis!G107 -> 2.9469278 | E66: =D66-C66 -> 4.5935909
B67: Class A shares outstanding (m) | C67: 212.85758 | D67: 291.42665 | E67: =D67-C67 -> 78.569068 | G67: 10-K FY2025 p. 68
B68: 2025 term loan drawn at Enfusion close | D68: 800 | G68: 10-K FY2025 p. 90
B69: 2025 revolver drawn at Enfusion close | D69: 150 | G69: 10-K FY2025 p. 90
B70: Pro forma net income (loss), ASC 805 basis | C70: 292.14 | D70: -71.653 | E70: =D70-C70 -> -363.793 | G70: 10-K FY2025 p. 87
B71: Reported net income (loss) | C71: =IS!F23 -> 427.585 | D71: =IS!G23 -> -40.254 | E71: =D71-C71 -> -467.839
